 Dungeon Crawl Stone Soup version 0.31-a0-246-g8cbcc1cb85 (webtiles) character file.

Game seed: 1391692846486222074

58 Newt the Trooper (level 3, 0/30 HPs)
             Began as a Demonspawn Gladiator on July 12, 2023.
             Killed from afar by an orc wizard (4 damage)
             ... with a magic dart
             ... on level 1 of the Dungeon.
             The game lasted 00:01:03 (998 turns).

Newt the Trooper (Demonspawn Gladiator)              Turns: 998, Time: 00:01:04

Health: 0/30       AC:  4    Str: 16    XL:     3   Next: 75%
Magic:  3/3        EV: 12    Int:  9    God:
Gold:   17         SH:  0    Dex: 14    Spells: 2/2 levels left

rFire   . . .        a - +0 rapier
rCold   . . .        (no shield)
rNeg    . . .        b - +0 leather armour
rPois   .            c - +0 helmet
rElec   .            (no cloak)
rCorr   .            (no gloves)
SInv    .            (no boots)
Will    .....        (no amulet)
Stlth   +            (no ring)
HPRegen 0.25/turn    (no ring)
MPRegen 0.08/turn

%: no passive effects
@: no status effects
A: demonic magic 2
a: no special abilities


You were on level 1 of the Dungeon.
You visited 1 branch of the dungeon, and saw 2 of its levels.

You collected 17 gold pieces.

Inventory:

Hand Weapons
 a - a +0 rapier (weapon)
Missiles
 d - 2 throwing nets
 e - a javelin
 g - 9 stones (quivered)
Armour
 b - a +0 leather armour (worn)
 c - a +0 helmet (worn)
Scrolls
 j - a scroll of poison {unknown}
 k - a scroll of teleportation {unknown}
Potions
 f - 2 potions of ambrosia {unknown}
 h - a potion of lignification {unknown}
 i - a potion of enlightenment {unknown}
 l - 2 potions of resistance {unknown}
 m - a potion of heal wounds {unknown}
 n - a potion of mutation {unknown}


   Skills:
 + Level 4.1 Fighting
 - Level 2.6 Short Blades
 - Level 1.7 Throwing
 - Level 2.6 Dodging


You had 2 spell levels left.
You didn't know any spells.
Your spell library was empty.

Dungeon Overview and Level Annotations

Branches:
Dungeon (2/15)

Altars:


Innate Abilities, Weirdness & Mutations

Spells you cast may paralyse nearby enemies.


Message History

The orc priest is severely wounded.
The orc wizard casts a spell at you. The magic dart hits you!
Unknown command.
You hit the orc priest.
You kill the orc priest!
The orc wizard closely misses you.
Your Fighting skill increases to level 4!
Unknown command.
You hit the orc wizard but do no damage.
The orc wizard misses you.
You hit the orc wizard.
The orc wizard is lightly wounded.
The orc wizard hits you but does no damage.
You hit the orc wizard.
The orc wizard is moderately wounded.
The orc wizard casts a spell at you.
You are confused.
You bump into the rock wall.
The orc wizard closely misses you.
You bump into the rock wall.
The orc wizard hits you with a +0 dagger.
You miss the orc wizard.
The orc wizard is moderately wounded.
The orc wizard casts a spell at you. The magic dart hits you.
You bump into the rock wall.
The orc wizard hits you with a +0 dagger.
You bump into the rock wall.
You feel less confused. The orc wizard casts a spell at you.
The puff of flame hits you!
* * * LOW HITPOINT WARNING * * *
You hit the orc wizard.
The orc wizard is heavily wounded.
The orc wizard hits you but does no damage.
You hit the orc wizard.
The orc wizard is severely wounded.
The orc wizard casts a spell at you. The magic dart hits you.
You die...

######## .......#
.......###########
.......'.......o@###########
.......#########)#.........#
..†#####...........#######.#
...### #...........# #.#
.....# #...........# #####.#
.###.# #########'#.# #.....#
#..#.# #.#.# #.##..# #
.#.#.# #.#.# #.#...# #
.#.#.# #.#.###.#...# #


You could see an orc wizard.

Vanquished Creatures
  An orc priest (D:1)
  4 orcs (D:1)
  3 bats (D:1)
  2 endoplasms (D:1)
  2 giant cockroaches (D:1)
  A goblin (D:1)
  2 hobgoblins (D:1)
  4 ball pythons (D:1)
  A kobold (D:1)
  4 rats (D:1)
24 creatures vanquished.

Notes
Turn   | Place    | Note
-------+----------+-------------------------------------------
     0 | D:1      | Newt the Demonspawn Gladiator began the quest for the Orb.
     0 | D:1      | Reached XP level 1. HP: 16/16 MP: 1/1
   130 | D:1      | Gained mutation: Spells you cast may paralyse adjacent
                  | enemies. [demonic ancestry]
   130 | D:1      | Reached XP level 2. HP: 23/23 MP: 2/2
   317 | D:1      | Reached skill level 3 in Fighting
   678 | D:1      | Gained mutation: Spells you cast may paralyse nearby
                  | enemies. [demonic ancestry]
   678 | D:1      | Reached XP level 3. HP: 5/29 MP: 3/3
   989 | D:1      | Reached skill level 4 in Fighting
   998 | D:1      | Killed from afar by an orc wizard

Illustrated notes

Levels and vault maps discovered:
D:1:      lemuel_arrival_cross, layout_basic, hangedman_decor_growths,
          hangedman_abyss_or_decor_lesser_grid
D:2:      cheibrodos_pilgrimage, layout_loops_ring, basic_altar,
          chequers_ecumenical_altar_simple, uniq_sigmund

Skill      XL: |  1  2  3 |
---------------+----------+-----
Fighting       | 3 4 |  4.1
Short Blades   | |  2.6
Throwing       | |  1.7
Dodging        | |  2.6

Action                     || total
---------------------------++-------
  Melee: Rapier            ||    96
  Throw: Throwing net      ||     2
         Stone             ||     2
   Stab: Held in net/web   ||     1
 Armour: Leather armour    ||    46
  Dodge: Dodged            ||    83

Table legend: (Time is in decaauts)
 A = Elapsed time spent in this place.
 B = Non-inter-level travel time spent in this place.
 C = Inter-level travel time spent in this place.
 D = Time resting spent in this place.
 E = Time spent auto-exploring this place.
 F = Levels seen in this place.
 G = Mean time per level.
                   A        B        C        D        E       F      G
               +--------+--------+--------+--------+--------+-----+--------+
         Total |   1006 |   1000 |      6 |    311 |    471 |   2 |  503.0 |
       Dungeon |   1006 |   1000 |      6 |    311 |    471 |   2 |  503.0 |
               +--------+--------+--------+--------+--------+-----+--------+

Top non-repeatable levels by time:
     D:1: 995 daAuts
     D:2: 11 daAuts
